 Dungeon Crawl Stone Soup version 0.30-a0-218-gedb9141078 (webtiles) character file.

Game seed: 6133252640833464635

1962 mdonais the Cleaver (level 9, -2/83 HPs)
             Began as a Meteoran Fighter on Oct 5, 2022.
             Was a Follower of the Shining One.
             Slain by a boulder beetle (16 damage)
             ... on level 9 of the Dungeon.
             The game lasted 00:21:24 (2069 turns).

mdonais the Cleaver (Meteoran Fighter)              Turns: 2069, Time: 00:21:24

Health: -2/83      AC: 10    Str: 20    XL:     9   Next: 70%
Magic:  10/10      EV:  9    Int:  9    God:    the Shining One [*.....]
Gold:   198        SH: 11    Dex: 13    Spells: 8/8 levels left

rFire   + . .      SeeInvis .    p - +0 hand axe (vorpal)
rCold   . . .      Faith    .    c - +0 buckler
rNeg    . . .      Spirit   .    j - +0 scale mail
rPois   .          Reflect  .    (no helmet)
rElec   .          Harm     .    d - +0 cloak {Stlth+}
rCorr   .          Rampage  .    (no gloves)
Will    ++...                    h - +0 pair of boots
Stlth   +.........               (no amulet)
HPRegen 0.33/turn                f - ring of protection from fire
MPRegen 0.12/turn                x - ring of willpower

@: divinely shielded, hasted, glowing, invisible (but backlit and visible), very
quick
A: sense surroundings 2, otherworldly, glowing, explore regen, dopey 1, weak 1
a: Renounce Religion, Divine Shield


You were on level 9 of the Dungeon.
You worshipped the Shining One.
The Shining One was aware of your devotion.
You visited 2 branches of the dungeon, and saw 10 of its levels.

You collected 198 gold pieces.

Inventory:

Hand Weapons
 a - a +0 war axe
 b - a +0 arbalest
   (You found it on level 3 of the Dungeon)
 p - a +0 vorpal hand axe (weapon)
   (You took it off an orc on level 4 of the Dungeon)
 w - a +0 whip of draining
   (You took it off an orc on level 5 of the Dungeon)
 y - a +4 great sword
   (You took it off a wight on level 8 of the Dungeon)
Missiles
 t - 7 boomerangs (quivered)
Armour
 c - a +0 buckler (worn)
 d - a +0 cloak of stealth (worn)
   (You took it off Crazy Yiuf on level 7 of the Dungeon)
 h - a +0 pair of boots (worn)
   (You found it on level 2 of the Dungeon)
 j - a +0 scale mail (worn)
Jewellery
 f - a ring of protection from fire (left hand)
   (You found it on level 4 of the Dungeon)
 o - a ring of poison resistance
   (You found it on level 7 of the Dungeon)
 x - a ring of willpower (right hand)
   (You found it on level 5 of the Dungeon)
Wands
 D - a wand of digging (5)
   (You found it on level 8 of the Dungeon)
 V - a wand of flame (11)
   (You found it on level 8 of the Dungeon)
Scrolls
 e - a scroll of amnesia
 i - 2 scrolls of vulnerability
 m - a scroll of noise
 n - a scroll of enchant weapon
 B - 2 scrolls of blinking
Potions
 k - a potion of brilliance
 l - 2 potions of attraction
 r - a potion of berserk rage {unknown}
 u - a potion of heal wounds
 Q - 3 potions of curing


   Skills:
 + Level 9.2 Fighting
 + Level 9.5 Axes
 - Level 6.0 Armour
 - Level 4.0 Shields


You had 8 spell levels left.
You didn't know any spells.
Your spell library contained the following spells:

 Spells                   Type           Power      Damage    Failure   Level
 Blink                    Tloc           0%         N/A       91%         2
 Momentum Strike          Conj/Tloc      0%         3d8       91%         2
 Sublimation of Blood     Necr           0%         N/A       91%         2
 Wereblood                Tmut           0%         N/A       91%         2
 Lesser Beckoning         Tloc           0%         N/A       99%         3
 Tukima's Dance           Hex            0%         N/A       99%         3
 Passage of Golubria      Tloc           0%         N/A       100%        4
 Yara's Violent Unravell  Hex/Tmut       0%         3d3       100%        5
 Enfeeble                 Hex            0%         N/A       100%        7
 Summon Hydra             Summ           0%         N/A       100%        7


Dungeon Overview and Level Annotations

Branches:
Dungeon (9/15) Zot: 3323   Temple (1/1) D:7 Zot: 574
   Lair: D:8-11         Orc: D:9-12

Altars:
Kikubaaqudgha
Nemelex Xobeh
Qazlal
Ru
Vehumet
Wu Jian
Xom
The Shining One


Innate Abilities, Weirdness & Mutations

You passively map the area around you.
You are easily found by Zot.
You glow in the dark.
You regain HP and MP as you explore.
You are dopey. (Int -2)
You are weak. (Str -2)


Message History

There is an open door here.
Found 11 gold pieces.
Found 23 gold pieces.
Found a great mace.
You now have 175 gold pieces (gained 11).
You now have 198 gold pieces (gained 23).
You see here a +0 great mace.
There is a stone staircase leading up here.
You climb upwards.
There is a stone staircase leading down here.
You climb downwards.
You hear the roar of battle.
There is an entrance to a bailey on this level.
Hurry and find it before the portal closes forever!
There is a stone staircase leading up here.
You hear the faint creaking of a very distant portcullis.
As you read the scroll labelled XILYNO KIWUELI, it crumbles to dust.
Your body is wracked with pain!
The Shining One forgives your inadvertent evil act, just this once.
It was a scroll of torment.
You take 40 damage, and have 43/83 hp.
MASSIVE DAMAGE!!
You regained 6 hp, and now have 53/83 hp.
You regained 3 hp, and now have 56/83 hp.
You regained 3 hp, and now have 62/83 hp.
You regained 2 hp, and now have 64/83 hp.
You regained 2 hp, and now have 66/83 hp.
A boulder beetle comes into view.
Found a human corpse and 3 potions of attraction.
The boulder beetle curls into a ball and begins rolling!
There is a stone staircase leading up here.
You regained 5 hp, and now have 71/83 hp.
Okay, then.
There is a stone staircase leading down here.
Your shield is strengthened by the Shining One's divine power.
The boulder beetle hits you!!!
Ouch! That really hurt!
The boulder beetle stops rolling and uncurls.
You take 42 damage, and have 30/83 hp.
MASSIVE DAMAGE!!
You now have 7/10 mp.
You slash the boulder beetle!
The boulder beetle is lightly wounded.
The boulder beetle bites you!
* * * LOW HITPOINT WARNING * * *
You take 8 damage, and have 22/83 hp.
You hit the boulder beetle but do no damage.
The boulder beetle is lightly wounded.
It was a potion of mutation.
You feel extremely strange.
You feel stupid.
You feel weaker.
The boulder beetle bites you but does no damage.
It was a potion of lignification.
You turn into a tree.
Your +0 cloak of stealth melds into your body.
Your +0 pair of boots melds into your body.
Your +0 scale mail melds into your body.
You feel less stealthy.
Your roots penetrate the ground.
The boulder beetle bites you but does no damage.
You now have 35/124 hp.
Okay, then.
You hit the boulder beetle but do no damage.
The boulder beetle is lightly wounded.
You block the boulder beetle's attack.
You completely miss the boulder beetle.
The boulder beetle is lightly wounded.
The boulder beetle bites you.
* * * LOW HITPOINT WARNING * * *
You take 3 damage, and have 32/124 hp.
You hit the boulder beetle but do no damage.
The boulder beetle is lightly wounded.
The boulder beetle bites you but does no damage.
You hit the boulder beetle but do no damage.
The boulder beetle is lightly wounded.
You block the boulder beetle's attack.
You hit the boulder beetle but do no damage.
The boulder beetle is lightly wounded.
The boulder beetle bites you but does no damage.
You hit the boulder beetle but do no damage.
The boulder beetle is lightly wounded.
You block the boulder beetle's attack.
You hit the boulder beetle but do no damage.
The boulder beetle is lightly wounded.
You hit the boulder beetle but do no damage.
The boulder beetle is lightly wounded.
You block the boulder beetle's attack.
You hit the boulder beetle but do no damage.
The boulder beetle is lightly wounded.
The boulder beetle bites you but does no damage.
You hit the boulder beetle but do no damage.
The boulder beetle is lightly wounded.
You block the boulder beetle's attack.
You hit the boulder beetle but do no damage.
The boulder beetle is lightly wounded.
You block the boulder beetle's attack.
You hit the boulder beetle but do no damage.
You block the boulder beetle's attack.
You hit the boulder beetle but do no damage.
You block the boulder beetle's attack.
You hit the boulder beetle but do no damage.
The boulder beetle bites you but does no damage.
You hit the boulder beetle but do no damage.
Your transformation is almost over.
You hit the boulder beetle but do no damage.
The boulder beetle bites you but does no damage.
You hit the boulder beetle but do no damage.
The boulder beetle bites you!
* * * LOW HITPOINT WARNING * * *
You take 17 damage, and have 20/124 hp.
It was a potion of haste.
You feel yourself speed up.
The boulder beetle leaps!
It was a potion of invisibility.
You become transparent, but the glow from your halo and body prevents you from becoming completely invisible.
You start waiting.
A boulder beetle is nearby!
Throw: 7 boomerangs
Press: ? - help, Q - select action, (/) - cycle Shift-Dir - straight line, f - boulder beetle
Aim: a boulder beetle (90% to hit)
You throw a boomerang.
The boomerang completely misses the boulder beetle.
Aiming: Throw Flame
Press: ? - help, Shift-Dir - straight line, f/p - boulder beetle
Aim: a boulder beetle (100% to hit)
The puff of flame hits the boulder beetle but does no damage.
You hear the faint creaking of a very distant portcullis.
The boulder beetle curls into a ball and begins rolling!
Aiming: Throw Flame
Press: ? - help, Shift-Dir - straight line, f/p - boulder beetle
Aim: a boulder beetle (rolling, 100% to hit)
The puff of flame hits the boulder beetle but does no damage.
Aiming: Throw Flame
Press: ? - help, Shift-Dir - straight line, f/p - boulder beetle
Aim: a boulder beetle (rolling, 100% to hit)
The puff of flame hits the boulder beetle.
The boulder beetle is lightly wounded.
MP restored: 10 You hit the boulder beetle but do no damage.
The boulder beetle is lightly wounded.
You block the boulder beetle's attack.
The boulder beetle stops rolling and uncurls.
You slash the boulder beetle!
The boulder beetle is lightly wounded.
You hit the boulder beetle but do no damage.
The boulder beetle is lightly wounded.
The boulder beetle bites you.
* * * LOW HITPOINT WARNING * * *
You take 2 damage, and have 21/124 hp.
You slash the boulder beetle!
The boulder beetle is moderately wounded.
You hit the boulder beetle but do no damage.
The boulder beetle is moderately wounded.
You feel less wooden.
Your +0 cloak of stealth unmelds from your body.
Your +0 pair of boots unmelds from your body.
Your +0 scale mail unmelds from your body.
You feel stealthy. The boulder beetle bites you!
You die...

, , ,,, , , , , , , ,, , ,,
, , ,, ,, , , , ,, , ,, , ,
, ,, , , ,,
###########################
,>..........................
.......<...................
...#..○#.B@................
* ,,#...###########....##'##
,, #...#..............#....
*,, #.†.#..............#....
,#.B.#..............#.... *,
,#.!.#..............#.... ,
, #...#...>..........#....
*,,,, ,,
#..............#.... , ,
,##+###.....#########


You could see a boulder beetle.

Vanquished Creatures
  An unseen horror zombie (D:8)
  A slime creature (D:7)
  2 ice beasts
  A hornet zombie (D:8)
  An ogre (D:5)
  A centaur (D:8)
  A phantom (D:7)
  A bullfrog (D:7)
  3 scorpions
  4 wights (D:8)
  2 howler monkeys
  3 centaur zombies (D:8)
  4 hounds
  A human zombie (D:8)
  A jelly (D:7)
  Crazy Yiuf (D:7)
  2 orc wizards (D:7)
  A mummy (D:8)
  A howler monkey zombie (D:8)
  4 gnolls (D:7)
  3 adders
  An ufetubus (D:5)
  15 orcs
  A ball python (D:4)
  A bat (D:3)
  4 endoplasms
  A giant cockroach (D:1)
  4 goblins
  4 hobgoblins
  4 jackals (D:5)
  2 quokkas
  3 frilled lizards
  2 rats
81 creatures vanquished.

Vanquished Creatures (others)
  2 fungi (D:7)
2 creatures vanquished.

Grand Total: 83 creatures vanquished

Notes
Turn   | Place    | Note
-------+----------+-------------------------------------------
     0 | D:1      | mdonais the Meteoran Fighter began the quest for the Orb.
     0 | D:1      | Reached XP level 1. HP: 19/19 MP: 2/2
   162 | D:2      | Found a faded altar of an unknown god.
   181 | D:2      | Reached XP level 2. HP: 26/26 MP: 3/3
   302 | D:3      | Reached XP level 3. HP: 23/33 MP: 4/4
   323 | D:3      | Found a radiant altar of Vehumet.
   450 | D:4      | Reached XP level 4. HP: 19/40 MP: 5/5
   465 | D:4      | Found a sacrificial altar of Ru.
   551 | D:4      | Reached XP level 5. HP: 42/47 MP: 6/6
   584 | D:5      | Entered Level 5 of the Dungeon
   680 | D:5      | Reached skill level 5 in Fighting
   695 | D:5      | Upgraded the game from 0.30-a0-210-g01b79a254e to
                  | 0.30-a0-218-gedb9141078
   700 | D:5      | Reached XP level 6. HP: 26/56 MP: 7/7
   774 | D:5      | Reached skill level 5 in Armour
   833 | D:5      | Noticed an ogre
   852 | D:5      | Killed an ogre
   853 | D:5      | Reached XP level 7. HP: 23/63 MP: 8/8
   987 | D:5      | Reached skill level 5 in Axes
  1043 | D:6      | Found a shimmering altar of Xom.
  1135 | D:6      | Reached XP level 8. HP: 34/73 MP: 9/9
  1158 | D:7      | Found a staircase to the Ecumenical Temple.
  1166 | Temple   | Entered the Ecumenical Temple
  1180 | Temple   | Became a worshipper of the Shining One
  1321 | D:7      | Noticed a slime creature
  1346 | D:7      | HP: 1/74 [slime creature (14)]
  1347 | D:7      | Killed a slime creature
  1377 | D:7      | Found a runed translucent door.
  1378 | D:7      | Noticed Crazy Yiuf
  1392 | D:7      | Killed Crazy Yiuf
  1553 | D:7      | Gained mutation: You passively map the area around you.
                  | [Meteoran growth]
  1553 | D:7      | Reached XP level 9. HP: 64/81 MP: 10/10
  1719 | D:8      | Found a stormy altar of Qazlal.
  1720 | D:8      | Found a sparkling altar of Nemelex Xobeh.
  1811 | D:8      | Reached * piety under the Shining One
  1872 | D:8      | Found an ancient bone altar of Kikubaaqudgha.
  2031 | D:9      | Noticed a boulder beetle
  2038 | D:9      | Gained mutation: You are dopey. (Int -2) [potion of
                  | mutation]
  2038 | D:9      | Gained mutation: You are weak. (Str -2) [potion of
                  | mutation]
  2069 | D:9      | Slain by a boulder beetle

Illustrated notes

Levels and vault maps discovered:
D:1:      amcnicky_arrival_gap_in_the_tavern_cellar, layout_loops_ring,
          nicolae_wormholes
D:2:      layout_basic, hellmonk_ecumenical_altar_arch_garden, minivault_24,
          minmay_misc_feat_four_crosses
D:3:      layout_rooms, mainiacjoe_overflow_chevrons, mainiacjoe_overflow_paths
D:4:      layout_loops_ring, mainiacjoe_overflow_six_doors_small,
          grunt_decor_junction
D:5:      layout_basic, st_stairs_2
D:6:      layout_basic, xom_teletrap_fun, trog_ov_bears_minmay
D:7:      minmay_opposing_rooms, layout_cave_pools,
          minmay_temple_entry_large_hall, chequers_serial_rivers_micro_d,
          uniq_crazy_yiuf_cottage
D:8:      layout_basic, lemuel_mausoleum_altar_kikubaaqudgha,
          jmf_multi_god_temple, uniq_erica
D:9:      argonaut_augean_stables, layout_grid_maze,
          nicolae_gozag_zags_fifth_avenue, enter_bailey_3, nzn_sisyphean_effort
Temple:   hellmonk_temple_forest_ring

Skill      XL: |  1  2  3  4  5  6  7  8  9 |
---------------+----------------------------+-----
Armour         | 4 5 6 |  6.0
Fighting       | 4 5 6 7 8 9 |  9.2
Axes           | 3 4 5 8 9 |  9.5
Shields        | 4 |  4.0

Action                   |  1- 3 |  4- 6 |  7- 9 || total
-------------------------+-------+-------+-------++-------
Melee: War axe           |    76 |     4 |       ||    80
       Hand axe          |       |    79 |   286 ||   365
Throw: Boomerang         |       |     2 |     3 ||     5
Invok: Divine Shield     |       |       |     1 ||     1
Evoke: Wand              |       |       |     3 ||     3
  Use: Scroll            |       |     2 |     6 ||     8
       Potion            |       |     1 |     8 ||     9
Armor: Scale mail        |    34 |    47 |   142 ||   223
       Skin              |       |       |     6 ||     6
Dodge: Dodged            |    20 |    20 |    80 ||   120
Block: Buckler           |    14 |    15 |    71 ||   100

Table legend: (Time is in decaauts)
 A = Elapsed time spent in this place.
 B = Non-inter-level travel time spent in this place.
 C = Inter-level travel time spent in this place.
 D = Time resting spent in this place.
 E = Time spent auto-exploring this place.
 F = Levels seen in this place.
 G = Mean time per level.
                   A        B        C        D        E       F      G
               +--------+--------+--------+--------+--------+-----+--------+
         Total |   2102 |   2070 |     32 |      2 |      0 |  10 |  210.2 |
       Dungeon |   2076 |   2044 |     32 |      2 |      0 |   9 |  230.7 |
        Temple |     25 |     25 |      0 |      0 |      0 |   1 |   25.0 |
               +--------+--------+--------+--------+--------+-----+--------+

Top non-repeatable levels by time:
     D:5: 411 daAuts
     D:7: 408 daAuts
     D:8: 338 daAuts
     D:2: 213 daAuts
     D:4: 198 daAuts
     D:6: 166 daAuts
     D:3: 146 daAuts
     D:9: 103 daAuts
     D:1: 90 daAuts
  Temple: 25 daAuts
